 Dungeon Crawl Stone Soup version 0.27-a0-1565-gad902ab807 (webtiles) character file.

Game seed: 6091412613263659652

406509 dolemite99 the Peltast (level 22, -30/204 HPs)
             Began as a Minotaur Fighter on July 16, 2021.
             Was an Elder of Okawaru.
             Annihilated by a white very ugly thing (37 damage)
             ... on level 1 of the Depths on July 17, 2021.
             The game lasted 01:51:57 (72609 turns).

dolemite99 the Peltast (Minotaur Fighter)          Turns: 72609, Time: 01:51:57

Health: -30/204    AC: 39    Str: 25    XL:     22   Next: 38%
Magic:  24/24      EV: 12    Int:  7    God:    Okawaru [****..]
Gold:   1698       SH: 24    Dex: 14    Spells: 21/21 levels left

rFire    . . .     SeeInvis +   b - +2 fustibalus (freeze)
rCold    . . .     Faith    +   t - +0 tower shield {rN+}
rNeg     + + .     Spirit   .   y - +11 plate armour of the Volcano {rN+}
rPois    .         Reflect  .   G - +2 hat
rElec    .         Harm     .   x - scarf {repulsion}
rCorr    .         Rampage  .   r - +2 pair of gloves
Will     ++...                  u - +2 pair of boots {Stlth+}
Stlth    ..........             I - amulet of faith
HPRegen  0.44/turn              c - ring of willpower
MPRegen  0.19/turn              f - ring of see invisible

@: about to teleport, flayed, studying 2 skills, repel missiles
A: horns 2, retaliatory headbutt, low mp 1
}: 2/15 runes: decaying, gossamer
a: Renounce Religion, Heroism


You were on level 1 of the Depths.
You worshipped Okawaru.
Okawaru was greatly pleased with you.
You visited 8 branches of the dungeon, and saw 37 of its levels.
You visited the Abyss 1 time.
You also visited: Volcano.

You collected 4764 gold pieces.
You spent 3066 gold pieces at shops.

Inventory:

Hand Weapons
 a - a +3 spectral broad axe
 b - a +2 fustibalus of freezing (weapon)
 w - a +3 eveningstar of holy wrath
 A - a +4 broad axe of freezing
 W - a +4 morningstar of protection
Missiles
 l - 1023 stones
 m - 318 sling bullets (quivered ammo)
 q - 2 throwing nets
 D - a boomerang of dispersal
 J - 15 silver javelins
 M - 32 atropa-tipped darts
Armour
 r - a +2 pair of gloves (worn)
 t - a +0 tower shield of positive energy (worn)
 u - a +2 pair of boots of stealth (worn)
 x - a scarf of repulsion (worn)
 y - the +11 plate armour of the Volcano (worn) {rN+}
   (You found it on level 3 of the Spider Nest)

   rN:        It protects you from negative energy.
 B - a +1 chain mail of poison resistance
 F - a +2 kite shield
 G - a +2 hat (worn)
 R - +3 storm dragon scales {Bai Suzhen}
 T - a +3 plate armour of willpower
Jewellery
 c - a ring of willpower (left hand)
 f - a ring of see invisible (right hand)
 g - a ring of wizardry
 o - a +4 ring of protection
 p - a ring of protection from cold
 I - an amulet of faith (around neck)
 Q - a ring of fire
Wands
 k - a wand of digging (2)
 H - a wand of polymorph (6)
Scrolls
 d - a scroll of vulnerability
 i - 4 scrolls of amnesia
 n - a scroll of magic mapping
 z - 13 scrolls of identify {@r1}
 K - 2 scrolls of fog
Potions
 e - 5 potions of attraction
 h - 2 potions of cancellation
 s - 5 potions of curing
 v - a potion of haste
 C - 5 potions of berserk rage
 E - a potion of heal wounds
 L - 5 potions of flight
 N - 4 potions of magic
 O - 3 potions of lignification
 V - 3 potions of brilliance
 Z - 7 potions of ambrosia
Miscellaneous
 P - a phial of floods


   Skills:
 - Level 18.6 Fighting
 - Level 16.3(18.4) Axes
 - Level 15.0(17.7) Maces & Flails
 - Level 13.4(15.1) Slings
 - Level 11.2(13.4) Throwing
 - Level 19.0 Armour
 + Level 12.5 Dodging
 - Level 20.7 Shields
 - Level 7.8 Invocations
 - Level 9.7 Evocations


You had 21 spell levels left.
You didn't know any spells.
Your spell library contained the following spells:

 Spells                   Type           Power      Damage    Failure   Level
 Animate Skeleton         Necr           0%         N/A       99%         1
 Foxfire                  Conj/Fire      0%         2x1d4     99%         1
 Pain                     Necr           0%         1d4       99%         1
 Sandblast                Erth           0%         2d4       99%         1
 Blink                    Tloc           N/A        N/A       100%        2
 Ensorcelled Hibernation  Hex/Ice        0%         N/A       100%        2
 Passwall                 Tmut/Erth      0%         N/A       100%        2
 Poisonous Vapours        Pois/Air       0%         N/A       100%        2
 Slow                     Hex            0%         N/A       100%        2
 Static Discharge         Conj/Air       0%         N/A       100%        2
 Confusing Touch          Hex            0%         N/A       100%        3
 Conjure Flame            Conj/Fire      0%         6-21      100%        3
 Mephitic Cloud           Conj/Pois/Air  0%         N/A       100%        3
 Spider Form              Tmut/Pois      0%         N/A       100%        3
 Stone Arrow              Conj/Erth      0%         3d7       100%        3
 Tukima's Dance           Hex            0%         N/A       100%        3
 Vampiric Draining        Necr           0%         2d6       100%        3
 Animate Armour           Summ/Erth      0%         N/A       100%        4
 Animate Dead             Necr           0%         N/A       100%        4
 Cause Fear               Hex            0%         N/A       100%        4
 Dispel Undead            Necr           0%         3d6       100%        4
 Fulminant Prism          Conj/Hex       0%         3d6       100%        4
 Iskenderun's Mystic Bla  Conj/Tloc      0%         2d3       100%        4
 Olgreb's Toxic Radiance  Pois           0%         N/A       100%        4
 Passage of Golubria      Tloc           N/A        N/A       100%        4
 Sticky Flame             Conj/Fire      0%         2d3       100%        4
 Blade Hands              Tmut           0%         N/A       100%        5
 Bolt of Magma            Conj/Fire/Erth 0%         4d4       100%        5
 Freezing Cloud           Conj/Ice/Air   0%         6-21      100%        5
 Lee's Rapid Deconstruct  Erth           0%         3d5*      100%        5
 Lightning Bolt           Conj/Air       0%         1d11      100%        5
 Manifold Assault         Tloc           0%         N/A       100%        5
 Silence                  Hex/Air        0%         N/A       100%        5
 Yara's Violent Unravell  Hex/Tmut       0%         3d3       100%        5
 Conjure Ball Lightning   Conj/Air       0%         3x3d6     100%        6
 Iron Shot                Conj/Erth      0%         9d1       100%        6
 Shadow Creatures         Summ           N/A        N/A       100%        6
 Dragon Form              Tmut           0%         N/A       100%        7
 Haunt                    Necr/Summ      0%         N/A       100%        7
 Ozocubu's Refrigeration  Ice            0%         4d5       100%        7
 Storm Form               Tmut/Air       0%         N/A       100%        7
 Borgnjor's Revivificati  Necr           0%         N/A       100%        8
 Discord                  Hex            0%         N/A       100%        8
 Disjunction              Tloc           0%         N/A       100%        8
 Ignition                 Fire           0%         3d3       100%        8
 Infestation              Necr           0%         N/A       100%        8
 Lehudib's Crystal Spear  Conj/Erth      0%         10d2      100%        8
 Maxwell's Capacitive Co  Air            0%         ∞         100%        8
 Necromutation            Tmut/Necr      0%         N/A       100%        8
 Death's Door             Necr           0%         N/A       100%        9
 Dragon's Call            Summ           0%         N/A       100%        9
 Shatter                  Erth           0%         3d5*      100%        9


Dungeon Overview and Level Annotations

Branches:
Dungeon (15/15)            Temple (1/1) D:5            Lair (6/6) D:11
  Swamp (4/4) Lair:2       Spider (4/4) Lair:4        Slime (0/5) Lair:6
    Orc (2/2) D:11            Elf (0/3) Orc:2        Vaults (4/5) D:13
  Crypt (0/3) Vaults:3     Depths (1/5) D:15        Volcano (visited)

Altars:
Ashenzari
Cheibriados
Dithmenos
Elyvilon
Fedhas
Gozag
Hepliaklqana
Kikubaaqudgha
Makhleb
Nemelex Xobeh
Okawaru
Qazlal
Ru
Sif Muna
Trog
Uskayaw
Vehumet
Wu Jian
Xom
Yredelemnul
Zin
The Shining One
Beogh
Jiyva

Shops:
D:4 *![?   D:5 **   Orc:1 !   Orc:2 =?[*   Vaults:3 !((   Vaults:4 :

Portals:
Pandemonium: Orc:2
Trove: D:12 (give 16 potions of curing)

Annotations:
D:5 2 transporters, blackman's ghost, novice HuFE
Lair:1 exclusion: oklob plant
Spider:1 1 runed translucent door, robertstho's ghost, journeyman DjFE


Innate Abilities, Weirdness & Mutations

You have a pair of horns on your head.
You reflexively headbutt those who attack you in melee.
Your magical capacity is low. (-10% MP)


Message History

Terrible wounds spread across more of your body!
* * * LOW HITPOINT WARNING * * *
The red very ugly thing gores you!
* * * LOW HITPOINT WARNING * * *
You block the tengu conjurer's attack. x2
The tengu conjurer barely misses you.
You block the white very ugly thing's attack.
You block the tengu conjurer's attack.
The tengu conjurer pecks you but does no damage.
The tengu conjurer misses you.
The rakshasa weaves an illusion.
The tengu conjurer shimmers and seems to become two!
You block the tengu conjurer's attack. The tengu conjurer closely misses you.
The tengu conjurer claws you but does no damage.
You feel better.
The white very ugly thing basks in the mutagenic energy from its kin and changes!
You block the red very ugly thing's attack.
You block the white very ugly thing's attack.
The tengu conjurer hits you.
* * * LOW HITPOINT WARNING * * *
The tengu conjurer pecks you but does no damage.
The tengu conjurer claws you but does no damage.
You block the tengu conjurer's attack. x2
The tengu conjurer barely misses you.
The tengu conjurer hits you but does no damage.
You block the tengu conjurer's attack. The tengu conjurer closely misses you.
You feel better.
The white very ugly thing basks in the mutagenic energy from its kin and changes!
You block the white very ugly thing's attack.
The red very ugly thing basks in the mutagenic energy from its kin and changes!
The purple ugly thing basks in the mutagenic energy from its kin and changes!
As you read the scroll of teleportation, it crumbles to dust.
You feel strangely unstable.
You block the red very ugly thing's attack.
You block the tengu conjurer's attack. The tengu conjurer pecks you.
* * * LOW HITPOINT WARNING * * *
You block the tengu conjurer's attack. The white very ugly thing bites you!
* * * LOW HITPOINT WARNING * * *
The white very ugly thing freezes you!!!
You die...

*,**** *** ***,******* *,*
*,**#.........* ****,***
*,,,..........# ** ,,,*,,,*
*.###.........#*******,
******,****,..>....u.....,,,,,,,,
* *,*,****#.....uu...********, *
*,*,* #..R.......* ****, * *,,,*
##.*Qu..#*+******,,,, * ***,*
#.Qu@u*.#,,,*,,,*,,,, * *,*
#.uuuQu.#,,,,,,8*,,,, * *,*
#..uuQ*.#,8,*,,,*,,,, *** *,*
#...Wu..#*****,**,,,, ,,* ****,*
#....>..#,,,*,,,*,,,, *,***,,,,*
#.......#,_,,,8,*,,,* *,,,,,****
#.^.....#,,,*,,,***** ****,,*
#.......#******** *,,* #########


You could see 10 very ugly things, 3 ugly things, a rakshasa, a flayed ghost, 4
tengu conjurers and 3 battlespheres.

Vanquished Creatures
  Mara (Vaults:3)
  Boris (Vaults:3)
  Sojobo (Vaults:4)
  Bai Suzhen (Spider:3)
  Margery (Vaults:3)
  Nikola (Spider:3)
  Arachne (Spider:2)
  2 tentacled monstrosities
  Rupert (D:14)
  2 sphinxes (Vaults:3)
  Asterion (Spider:3)
  Frances (Spider:2)
  Agnes (D:15)
  3 thorn hunters
  A tentacled starspawn (Abyss:3)
  Donald (Spider:3)
  4 tengu reavers
  An orc warlord (Vaults:3)
  A frost giant (shapeshifter) (D:15)
  An iron dragon (Vaults:3)
  A deep elf sorcerer (Vaults:3)
  A frost giant (Vaults:3)
  7 ghost moths
  16 vault wardens
  6 emperor scorpions
  13 very ugly things
  3 stone giants
  2 war gargoyles (Vaults:3)
  The ghost of gimp the Severer, a journeyman FoWn of Okawaru (Orc:1)
  19 ironbound preservers
  A vampire knight (Vaults:3)
  2 deep elf demonologists (Vaults:3)
  2 deep elf annihilators (Vaults:3)
  9 entropy weavers
  5 bunyips
  Azrael (D:15)
  3 dire elephants (Vaults:2)
  2 spark wasps
  3 ettins
  Josephine (Orc:1)
  4 fire dragons
  4 deep elf high priests
  7 yaktaur captains
  2 eleionomae
  4 great orbs of eyes
  3 shambling mangroves
  A naga warrior (Abyss:3)
  26 vault guards
  9 centaur warriors
  Harold (D:8)
  10 boulder beetles
  3 catoblepae
  24 hydras
  9 ironbound thunderhulks
  A ghost crab (Swamp:4)
  A death knight (D:15)
  7 alligators
  12 ironbound frosthearts
  Erica (D:8)
  2 deep troll shamans (Depths:1)
  9 death yaks
  2 two-headed ogres
  A deep troll earth mage (Vaults:3)
  A spriggan berserker (Swamp:4)
  9 orc high priests (Orc:2)
  A vampire mage (Vaults:3)
  A thrashing horror (Abyss:3)
  A shock serpent (Vaults:2)
  4 hell knights
  3 ironbound beastmasters
  Nergalle (D:11)
  8 spriggans
  2 wretched stars (Abyss:3)
  6 skeletal warriors (D:15)
  A sixfirhy (Abyss:3)
  35 deep trolls
  2 goliath frogs (Swamp:1)
  A glowing orange brain (D:15)
  2 spriggan druids
  17 swamp dragons
  A death drake (Abyss:3)
  An iron troll (Depths:1)
  A torturous demonspawn (Orc:2)
  A tengu zombie (Vaults:3)
  An infernal demonspawn (Orc:2)
  7 lindwurms
  6 bog bodies
  A flayed ghost (Depths:1)
  2 deep elf pyromancers
  11 wizards
  Pikel (D:8)
  2 necromancers (Vaults:3)
  7 orc knights
  A phantasmal warrior (D:15)
  13 ironbound convokers
  6 orc sorcerers
  5 harpies
  27 orb spiders
  6 cyclopes
  34 wolf spiders
  A faun (Lair:4)
  6 will-o-the-wisps
  39 ugly things
  A manticore (D:13)
  2 worldbinders (Abyss:3)
  A cyclops (shapeshifter) (Vaults:2)
  4 black mambas
  16 elephants
  2 guardian serpents
  2 rust devils (Orc:2)
  An elephant (shapeshifter) (D:14)
  An apocalypse crab (Abyss:3)
  An elf zombie (Vaults:3)
  A smoke demon (Abyss:3)
  5 centaur zombies
  A naga mage (Abyss:3)
  A moth of wrath (Spider:3)
  11 vault sentinels
  2 molten gargoyles (Volcano)
  A yaktaur zombie (Vaults:3)
  A torpor snail (Lair:6)
  2 orange demons
  A gargoyle (D:12)
  11 cane toads
  2 unseen horrors (D:13)
  Psyche (D:10)
  A cane toad (shapeshifter) (Vaults:3)
  A hellion (Abyss:3)
  24 yaktaurs
  4 rime drakes
  5 efreet
  16 komodo dragons
  4 freezing wraiths
  3 ice devils
  An ancient zyme (Abyss:3)
  16 demonic crawlers
  A red devil (Orc:2)
  3 meliai (D:13)
  6 trolls
  34 jumping spiders
  A tengu simulacrum (Vaults:3)
  Prince Ribbit (D:9)
  13 blink frogs
  12 hornets
  11 polar bears
  11 tyrant leeches
  23 slime creatures
  A dream sheep (shapeshifter) (Vaults:3)
  4 raiju
  7 dream sheep
  A meliai zombie (D:11)
  35 tarantellas
  3 small abominations (Abyss:3)
  A vampire (D:6)
  74 redbacks
  3 shadows
  An elf skeleton (Vaults:3)
  9 wraiths
  30 yaks
  3 ynoxinuls
  7 wyverns
  9 basilisks
  6 fire elementals
  A neqoxec (Abyss:3)
  A vampire mosquito (D:13)
  3 steam dragons
  A chaos spawn (Abyss:3)
  A harpy simulacrum (Abyss:3)
  5 wargs
  Menkaure (D:7)
  Edmund (D:5)
  3 acid dragons (Lair:6)
  2 nagas (Abyss:3)
  7 swamp worms
  18 hell hounds
  Duvessa (D:7)
  A floating eye (shapeshifter) (Vaults:3)
  12 water moccasins
  2 sky beasts
  4 large abominations (Abyss:3)
  13 black bears
  An ice beast (D:6)
  31 orc warriors
  8 swamp drakes
  69 wolves
  A necrophage (D:8)
  A centaur (D:8)
  7 ogres
  3 phantoms
  13 bullfrogs
  2 scorpions
  3 earth elementals (Volcano)
  2 gnoll sergeants
  Dowan (D:7)
  3 water moccasin skeletons
  9 killer bees
  4 wights (D:9)
  3 electric eels (Spider:3)
  3 howler monkeys
  6 starcursed masses (Abyss:3)
  A quasit (Abyss:3)
  2 hounds
  30 orc priests
  A bullfrog skeleton (D:7)
  2 gnoll shamans
  A centaur skeleton (D:6)
  5 iguanas
  13 orc wizards
  7 hell rats (Lair:2)
  A killer bee zombie (D:5)
  A hound zombie (D:3)
  A hound skeleton (D:5)
  2 howler monkey zombies
  24 gnolls
  5 adders
  2 shadow imps
  2 white imps
  3 ufetubi (Abyss:3)
  An adder skeleton (D:4)
  A dart slug (D:3)
  82 orcs
  3 ball pythons
  5 bats
  6 endoplasms
  8 giant cockroaches
  7 goblins
  4 hobgoblins
  11 jackals
  5 quokkas
  7 frilled lizards
  5 kobolds
  23 rats
  5 fire vortices (Volcano)
  2 starspawn tentacles (Abyss:3)
1524 creatures vanquished.

Vanquished Creatures (collateral kills)
  3 redbacks (Spider:1)
3 creatures vanquished.

Vanquished Creatures (others)
  An ice dragon (D:15)
  A peacekeeper (Vaults:3)
  An ironbound beastmaster (Vaults:2)
  A spriggan druid (Swamp:1)
  A swamp dragon (Swamp:4)
  A molten gargoyle (Volcano)
  A jumping spider (Spider:1)
  4 bloated husks
  2 slime creatures (Vaults:2)
  11 foxfires
  20 fungi
  49 plants
  3 starspawn tentacles (Abyss:3)
  2 withered plants (Orc:1)
98 creatures vanquished.

Grand Total: 1625 creatures vanquished

Notes
Turn   | Place    | Note
-------+----------+-------------------------------------------
     0 | D:1      | dolemite99 the Minotaur Fighter began the quest for the
                  | Orb.
     0 | D:1      | Reached XP level 1. HP: 19/19 MP: 0/0
   135 | D:1      | Reached XP level 2. HP: 19/27 MP: 1/1
   564 | D:1      | Found a faded altar of an unknown god.
  1061 | D:2      | Reached XP level 3. HP: 33/33 MP: 2/2
  2070 | D:3      | Reached skill level 5 in Axes
  2070 | D:3      | Reached XP level 4. HP: 40/40 MP: 3/3
  2455 | D:3      | Reached XP level 5. HP: 40/46 MP: 4/4
  3093 | D:3      | Found a basalt altar of Yredelemnul.
  3200 | D:4      | Found Tafothri's General Store.
  3237 | D:4      | Found Heorip's Distillery.
  3320 | D:4      | Noticed an ogre
  3326 | D:4      | Killed an ogre
  3327 | D:4      | Reached XP level 6. HP: 52/52 MP: 5/5
  3329 | D:4      | Bought a potion of heal wounds for 50 gold pieces
  3329 | D:4      | Bought a potion of might for 40 gold pieces
  3691 | D:4      | Found Cinacan's Antique Armour Emporium.
  3733 | D:4      | Found Fyat Sie's Magic Scroll Emporium.
  3821 | D:4      | Found a glowing silver altar of Zin.
  3834 | D:4      | Found a glowing golden altar of the Shining One.
  3837 | D:4      | Found an ancient bone altar of Kikubaaqudgha.
  3845 | D:4      | Became a worshipper of the Shining One
  4009 | D:5      | Entered Level 5 of the Dungeon
  4009 | D:5      | Found Zoum's General Store.
  4514 | D:5      | Reached XP level 7. HP: 46/58 MP: 6/6
  4623 | D:5      | Noticed Edmund
  4637 | D:5      | Killed Edmund
  4774 | D:4      | Bought a scroll of identify for 22 gold pieces
  4841 | D:5      | Found Mor Hoa's Assorted Antiques.
  4877 | D:5      | Found a staircase to the Ecumenical Temple.
  4949 | Temple   | Entered the Ecumenical Temple
  5082 | Temple   | Fell from the grace of the Shining One
  5082 | Temple   | Became a worshipper of Warmaster Okawaru
  5282 | D:5      | Found a transporter.
  5282 | D:5      | Noticed blackman's ghost (novice HuFE)
  5283 | D:5      | Identified the +8 dire flail of the Eight Ears {drain,
                  | Contam Dex+5}
  5297 | D:5      | Found a transporter.
  5592 | D:6      | Reached skill level 5 in Maces & Flails
  5592 | D:6      | Reached XP level 8. HP: 42/66 MP: 7/7
  6106 | D:6      | Reached * piety under Okawaru
  6474 | D:4      | Bought 2 potions of might for 80 gold pieces
  7112 | D:7      | Noticed Menkaure
  7118 | D:7      | Killed Menkaure
  7118 | D:7      | Reached ** piety under Okawaru
  7740 | D:4      | Bought a scroll of identify for 24 gold pieces
  8045 | D:7      | Found a stormy altar of Qazlal.
  8105 | D:7      | Reached XP level 9. HP: 71/71 MP: 8/8
  8109 | D:7      | Reached skill level 10 in Maces & Flails
  8393 | D:7      | Noticed Duvessa
  8395 | D:7      | Noticed Dowan
  8417 | D:7      | Killed Duvessa
  8420 | D:7      | Killed Dowan
  8539 | D:8      | Reached *** piety under Okawaru
  8667 | D:8      | Found a hazy altar of Hepliaklqana.
  8681 | D:8      | Reached skill level 1 in Invocations
  8706 | D:8      | Found a shadowy altar of Dithmenos.
  8824 | D:8      | Found a burning altar of Makhleb.
  9375 | D:8      | Noticed Pikel
  9384 | D:8      | Killed Pikel
  9385 | D:8      | Reached skill level 5 in Invocations
  9385 | D:8      | Reached XP level 10. HP: 78/78 MP: 8/12
  9639 | D:8      | Noticed Erica
  9656 | D:8      | Noticed Harold
  9662 | D:8      | Killed Erica
  9667 | D:8      | Killed Harold
  9667 | D:8      | Received a gift from Okawaru
  9667 | D:8      | Reached **** piety under Okawaru
 10822 | D:9      | Reached skill level 5 in Fighting
 10822 | D:9      | Reached skill level 5 in Armour
 10868 | D:9      | Paralysed by an orc for 6 turns
 10987 | D:9      | Found a broken altar of Ashenzari.
 11069 | D:9      | Found a sparkling altar of Nemelex Xobeh.
 11112 | D:9      | Reached skill level 1 in Evocations
 11136 | D:9      | Noticed Prince Ribbit
 11151 | D:9      | Killed Prince Ribbit
 11257 | D:9      | Reached XP level 11. HP: 58/89 MP: 13/15
 11422 | D:9      | Reached ***** piety under Okawaru
 11464 | D:9      | Found the +5 robe of Night {Dark Will+ SInv}
 11735 | D:4      | Bought a wand of acid (7) for 242 gold pieces
 11852 | D:10     | Entered Level 10 of the Dungeon
 12230 | D:10     | Found an opulent altar of Gozag.
 12330 | D:10     | Reached skill level 5 in Evocations
 12522 | D:10     | Noticed Psyche
 12528 | D:10     | Killed Psyche
 12756 | D:10     | Found an ornate altar of the Wu Jian Council.
 12761 | D:10     | Found a blossoming altar of Fedhas.
 12816 | D:11     | Noticed a two-headed ogre
 12816 | D:11     | You fall into a shaft and drop 3 floors!
 12816 | D:14     | Noticed a wizard
 13307 | D:11     | Found a staircase to the Orcish Mines.
 13310 | D:11     | Noticed Nergalle
 13326 | D:11     | Killed Nergalle
 13834 | D:11     | Killed a two-headed ogre
 13844 | D:11     | Noticed a white ugly thing
 13854 | D:11     | Killed a white ugly thing
 14332 | D:11     | Received a gift from Okawaru
 14477 | D:11     | Found a staircase to the Lair.
 14559 | Lair:1   | Entered Level 1 of the Lair of Beasts
 14827 | D:4      | Bought a wand of iceblast (7) for 121 gold pieces
 14827 | D:4      | Bought a wand of polymorph (9) for 121 gold pieces
 15234 | Lair:1   | Noticed an oklob plant
 15336 | Lair:1   | Found an ornate altar of the Wu Jian Council.
 15789 | Lair:1   | Reached XP level 12. HP: 84/97 MP: 14/16
 15795 | Lair:1   | Noticed a four-headed hydra
 15811 | Lair:1   | Killed a four-headed hydra
 16231 | Lair:1   | Identified the +4 dagger of Checkmate {freeze, Will+ Int+2}
 16653 | Lair:2   | Reached skill level 1 in Throwing
 16795 | Lair:2   | Noticed a seven-headed hydra
 16807 | Lair:2   | Killed a seven-headed hydra
 16879 | Lair:2   | Received a gift from Okawaru
 16912 | Lair:2   | Reached skill level 5 in Throwing
 16916 | Lair:2   | Received a gift from Okawaru
 17222 | Lair:2   | Found a staircase to the Swamp.
 17937 | Lair:2   | Noticed a seven-headed hydra
 17942 | Lair:2   | Killed a seven-headed hydra
 17942 | Lair:2   | Received a gift from Okawaru
 18271 | Lair:3   | Noticed an eight-headed hydra
 18277 | Lair:3   | Killed an eight-headed hydra
 18279 | Lair:3   | Noticed a death yak
 18279 | Lair:3   | Noticed a death yak
 18279 | Lair:3   | Noticed a death yak
 18279 | Lair:3   | Noticed a death yak
 18286 | Lair:3   | Noticed a death yak
 18292 | Lair:3   | Killed a death yak
 18296 | Lair:3   | Killed a death yak
 18303 | Lair:3   | Killed a death yak
 18304 | Lair:3   | Killed a death yak
 18305 | Lair:3   | Reached XP level 13. HP: 91/107 MP: 17/17
 18720 | Lair:3   | Reached skill level 10 in Throwing
 20346 | Lair:4   | Received a gift from Okawaru
 20746 | Lair:4   | Found a hole to the Spider Nest.
 20863 | Lair:4   | Reached skill level 10 in Fighting
 20881 | Lair:4   | Reached skill level 10 in Armour
 21785 | Lair:5   | Received a gift from Okawaru
 22217 | Lair:5   | Reached XP level 14. HP: 110/122 MP: 15/18
 23308 | Lair:6   | Entered Level 6 of the Lair of Beasts
 23308 | Lair:6   | Found a viscous altar of Jiyva.
 23308 | Lair:6   | Found a staircase to the Slime Pits.
 23335 | Lair:6   | Reached skill level 4 in Shields
 23426 | Lair:6   | Reached skill level 5 in Shields
 23733 | Lair:6   | Reached skill level 6 in Shields
 24074 | Lair:6   | Reached skill level 7 in Shields
 24482 | Lair:6   | Received a gift from Okawaru
 24506 | Lair:6   | Reached skill level 8 in Shields
 25188 | Lair:6   | Reached skill level 9 in Shields
 25524 | Lair:6   | Received a gift from Okawaru
 25883 | Lair:6   | Reached skill level 10 in Shields
 26488 | Lair:6   | Reached skill level 11 in Shields
 27170 | D:4      | Bought a scroll of acquirement for 624 gold pieces
 27171 | D:4      | Acquired a +1 eveningstar of holy wrath
 27369 | Orc:1    | Entered Level 1 of the Orcish Mines
 27369 | Orc:1    | Found Zithih's Distillery.
 27587 | Orc:1    | Noticed Josephine
 27601 | Orc:1    | Killed Josephine
 27888 | Orc:1    | Found a runed translucent door.
 27888 | Orc:1    | Noticed gimp's ghost (journeyman FoWn)
 28102 | Orc:1    | Killed gimp's ghost
 28552 | Orc:2    | Entered Level 2 of the Orcish Mines
 28648 | Orc:2    | Reached skill level 1 in Slings
 28648 | Orc:2    | Found a dark tunnel.
 28661 | Volcano  | Entered a volcano
 28705 | Volcano  | Received a gift from Okawaru
 29213 | Volcano  | Reached XP level 15. HP: 130/130 MP: 19/19
 29230 | Volcano  | Received a gift from Okawaru
 29575 | Orc:2    | Reached skill level 10 in Slings
 29588 | Orc:2    | Found a staircase to the Elven Halls.
 29930 | Orc:2    | Reached XP level 16. HP: 134/137 MP: 20/20
 29963 | Orc:2    | Found Meats's Magic Scroll Boutique.
 29984 | Orc:2    | Found Veniet Xarph's General Store.
 30589 | Orc:2    | Received a gift from Okawaru
 30810 | Orc:2    | Found Lafylo's Antique Armour Emporium.
 30810 | Orc:2    | Found Haegatua's Jewellery Shoppe.
 30811 | Orc:2    | Found a one-way gate leading to the halls of Pandemonium.
 30868 | Orc:2    | Bought a scroll of brand weapon for 280 gold pieces
 30872 | Orc:2    | Bought a scroll of magic mapping for 52 gold pieces
 30875 | Orc:2    | Bought a scroll of enchant armour for 112 gold pieces
 31241 | Orc:2    | Bought a ring of see invisible for 255 gold pieces
 31244 | Orc:2    | Bought an amulet of reflection for 510 gold pieces
 31899 | D:12     | Found a portal to a secret trove of treasure.
 32369 | D:13     | Received a gift from Okawaru
 32438 | D:13     | Found a gate to the Vaults.
 34845 | D:14     | Noticed Rupert
 34869 | D:14     | Killed Rupert
 35322 | D:15     | Entered Level 15 of the Dungeon
 36247 | D:15     | Noticed a sphinx
 36305 | D:15     | Found a staircase to the Depths.
 36551 | D:15     | Noticed Agnes
 36566 | D:15     | Killed Agnes
 36567 | D:15     | Reached skill level 15 in Maces & Flails
 36567 | D:15     | Reached XP level 17. HP: 127/150 MP: 16/21
 36660 | D:15     | Noticed Azrael
 36677 | D:15     | Killed Azrael
 37398 | Spider:1 | Entered Level 1 of the Spider Nest
 38132 | Lair:4   | Received a gift from Okawaru
 38414 | Lair:4   | Reached skill level 12 in Shields
 38527 | Swamp:1  | Entered Level 1 of the Swamp
 38908 | Swamp:1  | Received a gift from Okawaru
 39766 | Swamp:1  | Reached skill level 13 in Shields
 42475 | Spider:1 | Received a gift from Okawaru
 42559 | Spider:1 | Reached skill level 14 in Shields
 43264 | Spider:1 | Received a gift from Okawaru
 43604 | Spider:1 | Found a runed translucent door.
 43605 | Spider:1 | Noticed robertstho's ghost (journeyman DjFE)
 43878 | Spider:2 | Reached skill level 15 in Fighting
 44151 | Spider:2 | Noticed Frances
 44157 | Spider:2 | Noticed Arachne
 44647 | Swamp:3  | Received a gift from Okawaru
 44904 | Swamp:3  | Reached skill level 15 in Shields
 44970 | Swamp:3  | Received a gift from Okawaru
 45155 | Swamp:3  | Reached XP level 18. HP: 127/166 MP: 19/22
 45494 | Swamp:3  | Got the Grimoire of the Volcanoes
 45850 | Swamp:4  | Entered Level 4 of the Swamp
 45870 | Swamp:4  | Noticed a tentacled monstrosity
 45884 | Swamp:4  | Killed a tentacled monstrosity
 46599 | Swamp:4  | Received a gift from Okawaru
 47032 | Swamp:4  | Reached skill level 16 in Shields
 47611 | Swamp:4  | Received a gift from Okawaru
 47655 | Swamp:4  | Got a decaying rune of Zot
 48169 | Vaults:1 | Entered Level 1 of the Vaults
 48923 | Vaults:1 | Received a gift from Okawaru
 50159 | Vaults:2 | Received a gift from Okawaru
 50708 | Vaults:2 | Reached skill level 10 in Axes
 50708 | Vaults:2 | Reached XP level 19. HP: 178/180 MP: 23/23
 50739 | Vaults:2 | Received a gift from Okawaru
 51100 | Vaults:2 | Identified the +8 hunting sling of the Crushing Pariah
                  | {flame, rElec} (Okawaru gifted it to you on level 2 of the
                  | Vaults)
 51100 | Vaults:2 | Received a gift from Okawaru
 52549 | Vaults:2 | Received a gift from Okawaru
 52861 | Vaults:2 | Identified the +7 hand axe of the Special People {vorpal,
                  | rC- Dex+4 Stlth+}
 52912 | Vaults:2 | Received a gift from Okawaru
 53727 | Vaults:3 | Found Liastiuc's Distillery.
 53734 | Vaults:3 | Bought a potion of might for 52 gold pieces
 53734 | Vaults:3 | Bought 2 potions of might for 104 gold pieces
 53734 | Vaults:3 | Bought a potion of heal wounds for 65 gold pieces
 53734 | Vaults:3 | Bought a potion of heal wounds for 65 gold pieces
 53734 | Vaults:3 | Bought a potion of resistance for 130 gold pieces
 53734 | Vaults:3 | Bought a potion of curing for 39 gold pieces
 53734 | Vaults:3 | Bought a potion of curing for 39 gold pieces
 53734 | Vaults:3 | Bought a potion of curing for 39 gold pieces
 53751 | Vaults:3 | Found Bipil's Weapon Boutique.
 53960 | Vaults:3 | Reached skill level 15 in Axes
 53968 | Vaults:3 | Received a gift from Okawaru
 54261 | Vaults:3 | Noticed Margery
 54276 | Vaults:3 | Killed Margery
 54918 | Vaults:3 | Found a basalt altar of Yredelemnul.
 55917 | Spider:2 | Killed Frances
 55917 | Spider:2 | Received a gift from Okawaru
 55999 | Spider:2 | Reached skill level 17 in Shields
 56037 | Spider:2 | Reached XP level 20. HP: 179/189 MP: 2/24
 56446 | Spider:2 | Killed Arachne
 56458 | Spider:2 | Reached skill level 15 in Armour
 56996 | Spider:3 | Identified the +8 hand crossbow "Nuxzuc" {flame, rN+ Will+
                  | Int+3}
 57073 | Spider:3 | Noticed Nikola
 57090 | Spider:3 | Killed Nikola
 57663 | Spider:3 | Noticed Donald
 57673 | Spider:3 | Received a gift from Okawaru
 57676 | Spider:3 | Killed Donald
 57701 | Spider:3 | Identified the +11 plate armour of the Volcano {rN+}
 58105 | Vaults:3 | Found a staircase to the Crypt.
 58106 | Vaults:3 | Found an ancient bone altar of Kikubaaqudgha.
 58136 | Vaults:3 | Found Moijizuc's Weapon Emporium.
 58537 | Vaults:3 | Received a gift from Okawaru
 58538 | Vaults:3 | Reached skill level 18 in Shields
 58546 | Vaults:3 | Received a gift from Okawaru
 59183 | Vaults:3 | Received a gift from Okawaru
 59344 | Vaults:3 | Received a gift from Okawaru
 60001 | Vaults:3 | Noticed Mara
 60012 | Vaults:3 | Noticed dolemite99's illusion
 60020 | Vaults:3 | Killed Mara
 60119 | Vaults:3 | Reached skill level 19 in Shields
 60278 | Vaults:3 | Cast into level 3 of the Abyss (a wizard)
 60385 | Abyss:3  | Gained mutation: Your magical capacity is low. (-10% MP) [a
                  | neqoxec]
 60682 | Abyss:3  | Reached XP level 21. HP: 88/195 MP: 23/23
 60719 | Vaults:3 | Escaped the Abyss
 60732 | Vaults:3 | Noticed Boris
 61316 | Vaults:3 | Killed Boris
 61666 | Vaults:4 | Found Vimegh's Book Boutique.
 61850 | Vaults:4 | Reached skill level 20 in Shields
 62434 | Vaults:4 | Noticed Sojobo
 62441 | Vaults:4 | Paralysed by an air elemental for 1 turns
 62446 | Vaults:4 | Paralysed by an air elemental for 1 turns
 63184 | Vaults:4 | Received a gift from Okawaru
 63351 | Vaults:4 | Killed Sojobo
 64016 | Vaults:4 | Received a gift from Okawaru
 64085 | Vaults:4 | Reached skill level 1 in Dodging
 65426 | Spider:4 | Entered Level 4 of the Spider Nest
 65437 | Spider:4 | Noticed Asterion
 66151 | Spider:3 | Killed Asterion
 66151 | Spider:3 | Received a gift from Okawaru
 66783 | Spider:3 | Reached skill level 5 in Dodging
 67283 | Spider:4 | Noticed Bai Suzhen
 67325 | Spider:3 | Killed Bai Suzhen
 68778 | Spider:3 | Received a gift from Okawaru
 68984 | Spider:4 | Received a gift from Okawaru
 69009 | Spider:4 | Reached XP level 22. HP: 204/204 MP: 20/24
 69056 | Spider:4 | Received a gift from Okawaru
 69308 | Spider:4 | Reached skill level 10 in Dodging
 70122 | Spider:4 | Received a gift from Okawaru
 70138 | Spider:4 | Identified the +1 plate armour of the Abyss {rElec}
 70711 | Spider:4 | Got a gossamer rune of Zot
 71419 | Depths:1 | Entered Level 1 of the Depths
 72558 | Depths:1 | Noticed a caustic shrike
 72565 | Depths:1 | Noticed a caustic shrike
 72566 | Depths:1 | Received a gift from Okawaru
 72567 | Depths:1 | Noticed a caustic shrike
 72569 | Depths:1 | Noticed a caustic shrike
 72609 | Depths:1 | HP: 7/204 [white very ugly thing (17)]
 72609 | Depths:1 | Annihilated by a white very ugly thing

Illustrated notes

Levels and vault maps discovered:
D:1:      wander_arrival_desolate, layout_loops_ring,
          shapermc_ecumenical_altar_totnotflames
D:2:      layout_basic
D:3:      layout_loops_ring, lemuel_zombie_altar_yredelemnul, minmay_rat_hole
D:4:      layout_basic, grunt_temple_overflow_diamond, serial_shops,
          nicolae_lakefront_shop, shop_statue, shop_fountains,
          nicolae_shop_trees
D:5:      layout_rooms, minmay_temple_entry_hall, serial_shops,
          nicolae_take_the_stairs, shop, gammafunk_ghost_smash, uniq_edmund
D:6:      layout_layer_cave
D:7:      layout_rooms, nicolae_qazlal_eye_of_the_storm,
          corexii_item_surrounded_by_moat, uniq_duvessa, uniq_menkaure
D:8:      layout_basic, riverfiend_overflow_shadow_ancestor,
          lemuel_doored_altar, kennysheep_generic_room_8, uniq_harold,
          uniq_erica, uniq_pikel
D:9:      layout_rooms, ashenzari_altar_1, old_standard_altar,
          hellmonk_guarded_unrand_night, uniq_prince_ribbit1
D:10:     layout_basic, nicolae_gozag_cash_rules_everything_around_me,
          minitemple, uniq_psyche
D:11:     layout_rooms, erik_lair_dragon, minmay_orc_entry_temple_small,
          portal_ice_cave_demonic_guard, st_stairs_10, uniq_nergalle
D:12:     layout_irregular_city, nicolae_trove_entry_crossroad
D:13:     layout_roguey, lightli_vaults_fourway_checkpoint,
          minmay_misc_feat_pillars
D:14:     layout_cave_pools, chequers_serial_rivers_micro_e, uniq_rupert
D:15:     gammafunk_enter_depths_forms, layout_loops_corners,
          amcnicky_mini_rare_corridor_liquid, uniq_agnes, uniq_azrael
Temple:   nicolae_temple_figure_zero
Lair:1:   layout_roguey, lemuel_oklob_altar
Lair:2:   layout_roguey, swamp_mist
Lair:3:   layout_regular_city, chequers_serial_rivers_micro_b, nzn_random_ring
Lair:4:   layout_cave_pods, nicolae_spider_entry_orb_guardian,
          grunt_forest_large_clearings, serial_bayou_shore_b
Lair:5:   layout_cave_shapes, grunt_megastairs_5, lemuel_fruit_fields
Lair:6:   hangedman_lair_caniforms_friends, layout_loops_ring,
          guppyfry_lair_end_dragon, slime_altar_1
Swamp:1:  layout_basic_swamp, evilmike_swamp_ruin_house_3,
          infiniplex_staircase_pool
Swamp:2:  layout_falls_marsh, evilmike_swamp_ruin_house_5
Swamp:3:  layout_basic_swamp, evilmike_swamp_ruin_house_2, swamp_pool4
Swamp:4:  swamp_basic_johnstein, layout_basic_swamp
Spider:1: layout_spider_delve, gammafunk_ghost_grave, drop_trap,
          nicolae_spider_some_kinda_spiderbox
Spider:2: layout_spider_delve, nicolae_spider_rock_and_or_roll, uniq_frances,
          uniq_arachne
Spider:3: layout_spider_delve, uniq_donald, uniq_nikola
Spider:4: grunt_spider_rune_island, uniq_bai_suzhen, uniq_asterion
Orc:1:    layout_diamond_mine, gammafunk_ghost_grave, serial_shops, shop_statue,
          uniq_josephine
Orc:2:    pf_orc_diabolical, layout_diamond_mine, nicolae_volcano_entry_hallway,
          kennysheep_orc_chapel
Vaults:1: v_rooms_6, nicolae_vaults_little_ls, v_misc_14,
          ontoclasm_vaults_fault, nicolae_vaults_diagonal_hallway_8,
          nicolae_vaults_ring_of_whatevers, layout_vaults_big_room
Vaults:2: vaults_room_corners, vaults_room_door_ring, vaults_mumra_minichess,
          vaults_mumra_minichess_inversion, grunt_vaults_focal,
          nicolae_vaults_c_with_doors, nicolae_vaults_asterisk,
          dpeg_vaults_monster_box, nicolae_vaults_little_squares_4,
          vaults_room_door_hall, layout_vaults_omnigrid
Vaults:3: vaults_room_pool, minmay_crypt_entry_necro_gods, st_greater_box_2,
          nicolae_vaults_ninety_degrees, vaults_room_semicircle,
          grunt_vaults_hallway_short, grunt_vaults_swirl,
          ontoclasm_vaults_gateway, vaults_standard_mumra_lines, v_misc_13,
          hangedman_vaults_river_flow, v_misc_22, hangedman_vaults_restitches,
          nicolae_vaults_big_angled_halls, hangedman_vaults_stagger,
          layout_vaults_maze, serial_shops, nicolae_shop_trees,
          nicolae_shop_statue_plus, shop_coins, uniq_boris, uniq_margery,
          uniq_mara
Vaults:4: v_misc_26, nicolae_vaults_sealed_display, nicolae_vaults_rhombus_5,
          grunt_vaults_funnel, v_alt_pattern_6, hangedman_vaults_pinch,
          nicolae_vaults_meeting, ontoclasm_vaults_ring_small, v_misc_33,
          vaults_mumra_chevron, vaults_room_door_ring, layout_vaults_ring,
          serial_shops, shop, uniq_sojobo
Depths:1: grunt_double_whammy, layout_basic,
          nicolae_wu_jian_immortal_techniques, hangedman_geh_valley,
          grunt_ministairs_14, minmay_protected_statue

Skill      XL: |  1  2  3  4  5  6  7  8  9 10 11 12 13 14 15 16 17 18 19 20 21 22 |
---------------+-------------------------------------------------------------------+-----
Axes           | 3 4 5 6 7 9 10 16 | 16.3
Maces & Flails | 5 9 12 13 15 | 15.0
Invocations    | 5 7 |  7.8
Fighting       | 5 6 7 10 11 13 15 18 | 18.6
Armour         | 5 6 7 10 11 13 14 17 19 | 19.0
Evocations     | 3 9 |  9.7
Throwing       | 9 11 | 11.2
Shields        | 11 15 16 17 19 20 | 20.7
Slings         | 9 10 13 | 13.4
Dodging        | 9 12 | 12.5

Action                   |  1- 3 |  4- 6 |  7- 9 | 10-12 | 13-15 | 16-18 | 19-21 | 22-24 || total
-------------------------+-------+-------+-------+-------+-------+-------+-------+-------++-------
Melee: War axe           |    83 |   172 |    13 |       |       |       |       |       ||   268
       Headbutt          |     8 |    22 |    26 |   111 |   210 |   167 |   220 |    49 ||   813
       Dire flail        |       |       |   179 |   434 |   284 |       |       |       ||   897
       Morningstar       |       |       |       |       |   448 |   527 |    57 |       ||  1032
       Eveningstar       |       |       |       |       |       |    51 |    37 |       ||    88
       Fustibalus        |       |       |       |       |       |     3 |       |       ||     3
       Broad axe         |       |       |       |       |       |    19 |   721 |   170 ||   910
 Fire: Fustibalus        |       |       |       |       |   194 |  1398 |   810 |   201 ||  2603
Throw: Stone             |    11 |    59 |    35 |    80 |       |       |    60 |    12 ||   257
       Dart              |       |       |       |    12 |   255 |    46 |    29 |       ||   342
       Javelin           |       |       |       |    12 |    17 |       |    65 |       ||    94
       Throwing net      |       |       |       |       |       |     2 |     7 |       ||     9
       Boomerang         |       |       |       |       |       |       |     1 |       ||     1
Invok: Heroism           |       |       |     6 |    14 |    27 |    48 |   105 |    18 ||   218
       Finesse           |       |       |       |     2 |     9 |    14 |    15 |       ||    40
Evoke: Wand              |       |       |       |    43 |    39 |    40 |    36 |       ||   158
       Phial of floods   |       |       |       |       |     1 |     8 |    12 |       ||    21
  Use: Potion            |       |     1 |     5 |     3 |     7 |     8 |    20 |     6 ||    50
       Scroll            |       |       |    13 |    15 |    13 |    14 |    23 |     9 ||    87
 Stab: Petrifying        |       |       |       |       |     5 |       |       |       ||     5
       Paralysed         |       |       |       |       |       |    10 |    14 |       ||    24
       Invisible         |       |       |       |       |       |       |     4 |       ||     4
       Held in net/web   |       |       |       |       |       |       |     5 |       ||     5
       Distracted        |       |       |       |       |       |       |       |     3 ||     3
Armor: Scale mail        |    38 |    21 |       |       |       |       |       |       ||    59
       Chain mail        |       |    63 |    35 |       |       |   342 |   155 |    75 ||   670
       Plate armour      |       |       |    44 |   209 |   524 |   150 |   309 |    33 ||  1269
Dodge: Dodged            |    22 |    50 |    62 |   170 |   246 |   247 |   277 |   104 ||  1178
       Repelled          |       |       |       |       |       |       |     5 |     1 ||     6
Block: Kite shield       |    44 |    85 |     9 |       |   356 |   991 |   234 |       ||  1719
       Reflection        |       |       |       |       |       |    49 |    22 |       ||    71
       Tower shield      |       |       |       |       |       |       |   928 |   363 ||  1291

Table legend: (Time is in decaauts)
 A = Elapsed time spent in this place.
 B = Non-inter-level travel time spent in this place.
 C = Inter-level travel time spent in this place.
 D = Time resting spent in this place.
 E = Time spent auto-exploring this place.
 F = Levels seen in this place.
 G = Mean time per level.
                   A        B        C        D        E       F      G
               +--------+--------+--------+--------+--------+-----+--------+
         Total |  71227 |  63046 |   8181 |  20548 |  30157 |  39 | 1826.3 |
       Dungeon |  23204 |  19433 |   3771 |   6334 |   9806 |  15 | 1546.9 |
        Temple |    145 |    115 |     30 |      0 |    113 |   1 |  145.0 |
          Lair |  15698 |  13368 |   2330 |   5471 |   5873 |   6 | 2616.3 |
         Swamp |   5046 |   4819 |    227 |    526 |   3113 |   4 | 1261.5 |
   Spider Nest |   9598 |   9007 |    591 |   3559 |   3782 |   4 | 2399.5 |
  Orcish Mines |   3455 |   2800 |    655 |    334 |   1513 |   2 | 1727.5 |
        Vaults |  12416 |  11844 |    572 |   3825 |   5666 |   4 | 3104.0 |
        Depths |    391 |    391 |      0 |    101 |     63 |   1 |  391.0 |
         Abyss |    420 |    420 |      0 |      6 |     39 |   1 |  420.0 |
       Volcano |    849 |    849 |      0 |    389 |    188 |   1 |  849.0 |
               +--------+--------+--------+--------+--------+-----+--------+

Top non-repeatable levels by time:
Spider:3: 5080 daAuts
Vaults:3: 4210 daAuts
Vaults:2: 4021 daAuts
  Lair:4: 3970 daAuts
  Lair:2: 3446 daAuts
  Lair:6: 3421 daAuts
    D:11: 2757 daAuts
    D:15: 2639 daAuts
   Orc:2: 2379 daAuts
    D:13: 2334 daAuts
Vaults:4: 2322 daAuts
  Lair:3: 2117 daAuts
 Swamp:4: 2111 daAuts
     D:8: 2006 daAuts
  Lair:1: 1903 daAuts
